Map: Lightshade LE

Players

IIIIIIIIIIII - Winner!

  • Race: Protoss Protoss
  • League: Master

Pheo

  • Race: Zerg Zerg
  • League: Master

VOD

Have the link to the VOD?

Description

Time

  • Played on: June 20, 2021, 3:16 p.m.
  • Length: 5:23
Show
View Real Time Build Order
Export as new Build Order

IIIIIIIIIIII Protoss - Winner!

Build Orders:  

Get SALT Encoding   

  12  0:00  Probe  
  13  0:13  Probe  
  14  0:20  Pylon  
  14  0:25  Probe (Chrono Boost)  
  15  0:37  Probe (Chrono Boost)  
  15  0:41  Gateway  
  16  0:46  Probe  
  17  0:50  Assimilator  
  17  0:58  Probe  
  18  1:05  Forge  
  18  1:10  Probe (Chrono Boost)  
  19  1:22  Probe (Chrono Boost)  
  20  1:27  Pylon  
  21  1:33  Probe  
  21  1:40  Photon Cannon  
  21  1:41  Cybernetics Core  
  21  1:45  Probe  
  22  2:05  Nexus  
  23  2:08  Probe  
  23  2:15  Pylon  
  23  2:21  Probe  
  23  2:24  Warp Gate (Chrono Boost)  
  23  2:32  Stalker  
  23  2:35  Probe  
  26  2:42  Robotics Facility  
  26  2:47  Probe (Chrono Boost)  
  28  2:59  Probe (Chrono Boost), Gateway  
  28  3:04  Probe (Chrono Boost)  
  29  3:14  Probe, Gateway  
  31  3:20  Stalker  
  31  3:27  Warp Prism (Chrono Boost)  
  34  3:40  Gateway  
  34  3:45  Gateway  
  34  3:51  Pylon  
  34  4:08  Stalker x2  
  38  4:10  Stalker  
  40  4:25  Pylon  
  40  4:31  Zealot x2  
  44  4:33  Gateway, Zealot  
  46  4:50  Zealot x3  
  46  4:51  Zealot  
  54  4:54  Zealot  
  56  5:10  Stalker  
  56  5:11  Stalker x2  
  60  5:15  Stalker  
Show
View Real Time Build Order
Export as new Build Order

Pheo Zerg 

Build Orders: Pool First 

Get SALT Encoding   

  12  0:18  Spawning Pool  
  12  0:21  Drone  
  12  0:25  Drone  
  13  0:30  Drone  
  14  0:41  Overlord  
  14  1:03  Hatchery  
  13  1:06  Zergling x2  
  13  1:09  Zergling x2  
  15  1:14  Zergling x2  
  15  1:18  Zergling x2  
  17  1:28  Zergling x2  
  18  1:33  Queen  
  20  1:43  Drone  
  21  1:57  Drone  
  22  2:06  Overlord  
  22  2:14  Queen  
  22  2:15  Queen  
  26  2:16  Drone  
  27  2:26  Drone  
  27  2:27  Drone x2  
  29  2:32  Overlord  
  29  2:37  Drone  
  30  2:43  Overlord  
  30  2:45  Drone  
  31  2:52  Drone x2  
  31  2:53  Drone  
  34  3:00  Drone x2  
  36  3:08  Overlord  
  36  3:09  Drone  
  36  3:12  Drone  
  38  3:23  Hatchery  
  37  3:29  Drone x3  
  37  3:31  Drone  
  41  3:37  Drone x3  
  41  3:39  Drone  
  45  3:46  Drone x3  
  45  3:47  Drone  
  49  3:50  Extractor  
  49  3:53  Extractor  
  47  4:01  Overlord  
  47  4:04  Drone  
  47  4:05  Drone x3  
  51  4:12  Overlord  
  51  4:18  Overlord  
  51  4:21  Roach Warren  
  51  4:22  Drone, Extractor  
  50  4:29  Drone x3  
  53  4:32  Zergling x10  
  53  4:34  Queen  
  53  4:35  Zergling x2  
  62  5:00  Zergling x16  
Tags
 
Add a new tag
Caveats
  • Supply blocks, unpowered buildings, or Contaminate may cause inaccurate times.
  • Supply counts are checked every 10 seconds.